 Dungeon Crawl Stone Soup version 0.30-a0-879-ga8ba668304 (webtiles) character file.

Game seed: 16739547488822952766

298 mandoloar the Firebug (level 6, -1/44 HPs)
             Began as a Gnoll Fire Elementalist on Mar 12, 2023.
             Slain by a gnoll
             ... wielding a +0 spear
              (5 damage)
             ... on level 4 of the Dungeon on Mar 13, 2023.
             The game lasted 00:12:50 (4708 turns).

mandoloar the Firebug (Gnoll Fire Elementalist)     Turns: 4708, Time: 00:12:51

Health: -1/44      AC:  3    Str:  7    XL:     6   Next: 36%
Magic:  12/14      EV: 14    Int: 17    God:
Gold:   235        SH:  0    Dex: 18    Spells: 8/15 levels left

rFire   . . .      SeeInvis .    a - +0 broad axe
rCold   . . .      Faith    .    (no shield)
rNeg    . . .      Spirit   .    c - +0 robe
rPois   .          Reflect  .    p - +0 helmet
rElec   .          Rampage  .    e - scarf {+Inv}
rCorr   .                        (no gloves)
Will    .....                    (no boots)
Stlth   +++                      (no amulet)
HPRegen 0.27/turn                n - +6 ring of dexterity
MPRegen 0.14/turn                (no ring)

@: brilliant, very slightly contaminated, hasted, very quick
A: fangs 1, strong nose, distributed training
a: Evoke Invisibility


You were on level 4 of the Dungeon.
You visited 1 branch of the dungeon, and saw 4 of its levels.

You collected 235 gold pieces.

Inventory:

Hand Weapons
 a - a +0 broad axe (weapon)
 b - a +0 sling
Armour
 c - a +0 robe (worn)
 e - a scarf of invisibility (worn)
 p - a +0 helmet (worn)
Jewellery
 n - a +6 ring of dexterity (left hand)
Scrolls
 l - 2 scrolls of magic mapping
Potions
 d - 3 potions of heal wounds
 g - 3 potions of brilliance
 h - a potion of haste
 i - a potion of lignification {unknown}
 j - a potion of attraction {unknown}
 k - 4 potions of curing {unknown}
 m - a potion of flight {unknown}


   Skills:
 + Level 2.0 Fighting
 + Level 2.0 Short Blades
 + Level 2.0 Long Blades
 + Level 2.0 Axes
 + Level 2.0 Maces & Flails
 + Level 2.0 Polearms
 + Level 2.0 Staves
 + Level 2.0 Ranged Weapons
 + Level 2.0 Throwing
 + Level 2.0 Armour
 + Level 5.0 Dodging
 + Level 4.6 Stealth
 + Level 2.0 Shields
 + Level 2.0 Unarmed Combat
 + Level 5.4 Spellcasting
 + Level 2.6 Conjurations
 + Level 1.6 Hexes
 + Level 1.6 Summonings
 + Level 1.6 Necromancy
 + Level 1.6 Translocations
 + Level 1.6 Transmutations
 + Level 5.7 Fire Magic
 + Level 1.6 Ice Magic
 + Level 1.6 Air Magic
 + Level 1.6 Earth Magic
 + Level 1.6 Poison Magic
 + Level 2.2 Invocations
 + Level 2.0 Evocations


You had 8 spell levels left.
You knew the following spells:

 Your Spells              Type           Power      Damage    Failure   Level
a - Foxfire               Conj/Fire      100%       2x1d9     2%          1
b - Scorch                Fire           70%        2d9       1%          2
c - Flame Wave            Conj/Fire      28%        2d9       24%         4

Your spell library contained the following spells:

 Spells                   Type           Power      Damage    Failure   Level
 Inner Flame              Hex/Fire       25%        N/A       9%          3
 Lesser Beckoning         Tloc           30%        N/A       11%         2
 Kindle Blastsparks       Fire/Tloc/Air  44%        2d13      12%         3
 Gell's Gravitas          Tloc           15%        N/A       22%         3
 Portal Projectile        Hex/Tloc       30%        N/A       22%         3
 Teleport Other           Tloc           15%        N/A       22%         3
 Tukima's Dance           Hex            15%        N/A       22%         3
 Blade Hands              Tmut           7%         N/A       89%         5


Dungeon Overview and Level Annotations

Branches:
Dungeon (4/15)
 Temple: D:4-7

Altars:
Hepliaklqana


Innate Abilities, Weirdness & Mutations

You have very sharp teeth.
Your uncanny sense of smell can sniff out nearby items.
Your experience applies equally to all skills.


Message History

The gnoll hits you from afar with a +0 halberd.
The gnoll hits you from afar with a +0 halberd.
A hound comes into view.
The hound barks!
The hound bites you but does no damage.
You slash the hound!
The hound is severely wounded.
The gnoll closely misses you.
A gnoll comes into view. It is wielding a +0 spear.
The hound bites you but does no damage. The gnoll closely misses you.
The hound closely misses you.
Your magical contamination has completely faded away.
The hound closely misses you. The hound closely misses you.
The hound attacks as you move away! The hound closely misses you.
The hound barely misses you.
Casting: Foxfire (safe; 2% risk of failure)
Confirm with . or Enter, or press ? or * to list all spells.
You don't have enough magic to cast this spell.
Magic courses through your body. The hound bites you.
The gnoll barely misses you.
The gnoll hits you from afar with a +0 spear.
You feel yourself speed up.
The hound bites you but does no damage. x2
The gnoll completely misses you.
The gnoll hits you from afar with a +0 spear.
* * * LOW HITPOINT WARNING * * *
There are no items here.
You feel clever all of a sudden. The hound barely misses you.
Casting: Foxfire (safe; 2% risk of failure)
Confirm with . or Enter, or press ? or * to list all spells.
Casting: Flame Wave (quite dangerous; 24% risk of failure)
Press: ? - help, Dir - look around, f - activate You feel a surge of power!
You miscast Flame Wave.
You are very lightly contaminated with residual magic.
Energy rips through your body!
* * * LOW HITPOINT WARNING * * *
The gnoll closely misses you.
The gnoll hits you from afar with a +0 spear.
You die...

################
.......@hgg...###
.........gg.....#
###'#######'####.# ##.#.##..)##.#
#.# #.#.#..#..##'##..# #g#
#.#.#.##....#....# #g#
####.#.#..##.#...#.## #.# ####
.......#...'.##.##.'.∆ #.## .....
.......#..##..#.#..##..#..#......


You could see a hound and 4 gnolls.

Vanquished Creatures
  A scorpion (D:3)
  An orc priest (D:3)
  Robin (D:3)
  7 gnolls
  2 adders
  2 worms
  2 dart slugs
  2 orcs (D:3)
  5 ball pythons
  3 endoplasms
  5 giant cockroaches
  19 goblins
  8 hobgoblins
  7 jackals
  10 kobolds
  3 quokkas
  7 bats
  3 frilled lizards
  4 rats
92 creatures vanquished.

Vanquished Creatures (others)
  183 foxfires
183 creatures vanquished.

Grand Total: 275 creatures vanquished

Notes
Turn   | Place    | Note
-------+----------+-------------------------------------------
     0 | D:1      | mandoloar the Gnoll Fire Elementalist began the quest for
                  | the Orb.
     0 | D:1      | Reached XP level 1. HP: 13/13 MP: 6/6
   263 | D:1      | Reached XP level 2. HP: 19/19 MP: 5/7
   636 | D:1      | Learned a level 2 spell: Scorch
   747 | D:1      | Reached skill level 5 in Spellcasting
   747 | D:1      | Reached XP level 3. HP: 25/25 MP: 5/9
  1442 | D:2      | Found a faded altar of an unknown god.
  1592 | D:2      | Reached skill level 1 in Invocations
  1750 | D:2      | Reached skill level 1 in Fighting
  1750 | D:2      | Reached skill level 1 in Short Blades
  1750 | D:2      | Reached skill level 1 in Long Blades
  1750 | D:2      | Reached skill level 1 in Axes
  1750 | D:2      | Reached skill level 1 in Maces & Flails
  1750 | D:2      | Reached skill level 1 in Polearms
  1750 | D:2      | Reached skill level 1 in Staves
  1750 | D:2      | Reached skill level 1 in Ranged Weapons
  1750 | D:2      | Reached skill level 1 in Throwing
  1750 | D:2      | Reached skill level 1 in Armour
  1750 | D:2      | Reached skill level 1 in Shields
  1750 | D:2      | Reached skill level 1 in Unarmed Combat
  1750 | D:2      | Reached skill level 1 in Evocations
  1764 | D:2      | Reached XP level 4. HP: 19/32 MP: 4/11
  1831 | D:2      | Reached skill level 1 in Hexes
  1831 | D:2      | Reached skill level 1 in Summonings
  1831 | D:2      | Reached skill level 1 in Necromancy
  1831 | D:2      | Reached skill level 1 in Translocations
  1831 | D:2      | Reached skill level 1 in Transmutations
  1831 | D:2      | Reached skill level 1 in Ice Magic
  1831 | D:2      | Reached skill level 1 in Air Magic
  1831 | D:2      | Reached skill level 1 in Earth Magic
  1831 | D:2      | Reached skill level 1 in Poison Magic
  1839 | D:2      | Learned a level 4 spell: Flame Wave
  2772 | D:3      | Noticed Robin
  2783 | D:3      | Killed Robin
  2784 | D:3      | Reached XP level 5. HP: 37/37 MP: 6/12
  2976 | D:3      | Found a hazy altar of Hepliaklqana.
  3716 | D:3      | Reached XP level 6. HP: 27/44 MP: 2/13
  4438 | D:4      | Reached skill level 5 in Dodging
  4708 | D:4      | Slain by a gnoll

Illustrated notes

Levels and vault maps discovered:
D:1:      onia_arrival_mini_maze, layout_basic
D:2:      layout_basic, shapermc_ecumenical_altar_totnotflames
D:3:      layout_basic, mainiacjoe_overflow_small_starburst, uniq_robin
D:4:      layout_rooms, minmay_pentangle

Skill      XL: |  1  2  3  4  5  6 |
---------------+-------------------+-----
Conjurations   | 2 |  2.6
Spellcasting   | 5 |  5.4
Invocations    | 1 2 |  2.2
Fighting       | 1 2 |  2.0
Short Blades   | 1 2 |  2.0
Long Blades    | 1 2 |  2.0
Axes           | 1 2 |  2.0
Maces & Flails | 1 2 |  2.0
Polearms       | 1 2 |  2.0
Staves         | 1 2 |  2.0
Ranged Weapons | 1 2 |  2.0
Throwing       | 1 2 |  2.0
Armour         | 1 2 |  2.0
Shields        | 1 2 |  2.0
Unarmed Combat | 1 2 |  2.0
Evocations     | 1 2 |  2.0
Hexes          | 1 |  1.6
Summonings     | 1 |  1.6
Necromancy     | 1 |  1.6
Translocations | 1 |  1.6
Transmutations | 1 |  1.6
Ice Magic      | 1 |  1.6
Air Magic      | 1 |  1.6
Earth Magic    | 1 |  1.6
Poison Magic   | 1 |  1.6
Dodging        | 5 |  5.0
Stealth        | |  4.6
Fire Magic     | |  5.7

Action                     |  1- 3 |  4- 6 || total
---------------------------+-------+-------++-------
  Melee: Trident           |     4 |     3 ||     7
         Bite              |     1 |     1 ||     2
         Broad axe         |       |     1 ||     1
   Cast: Foxfire           |    33 |    78 ||   111
         Scorch            |     5 |     7 ||    12
         Flame Wave        |       |     2 ||     2
    Use: Scroll            |     3 |     3 ||     6
         Potion            |       |     3 ||     3
 Armour: Robe              |     5 |     9 ||    14
  Dodge: Dodged            |    11 |    37 ||    48

Table legend: (Time is in decaauts)
 A = Elapsed time spent in this place.
 B = Non-inter-level travel time spent in this place.
 C = Inter-level travel time spent in this place.
 D = Time resting spent in this place.
 E = Time spent auto-exploring this place.
 F = Levels seen in this place.
 G = Mean time per level.
                   A        B        C        D        E       F      G
               +--------+--------+--------+--------+--------+-----+--------+
         Total |   4710 |   4321 |    389 |    981 |   2601 |   4 | 1177.5 |
       Dungeon |   4710 |   4321 |    389 |    981 |   2601 |   4 | 1177.5 |
               +--------+--------+--------+--------+--------+-----+--------+

Top non-repeatable levels by time:
     D:2: 1480 daAuts
     D:3: 1311 daAuts
     D:1: 1189 daAuts
     D:4: 729 daAuts
